 Dungeon Crawl Stone Soup version 0.17-a0-2127-g1cb09f6 (webtiles) character file.

2473 brucemayne the Cleaver (level 9, -1/63 HPs)
             Began as a Demonspawn Berserker on Oct 22, 2015.
             Was a Priest of Trog.
             Slain by an orc warrior
             ... wielding a +0 glaive
              (2 damage)
             ... on level 10 of the Dungeon.
             The game lasted 00:13:19 (2319 turns).

brucemayne the Cleaver (Demonspawn Berserker)       Turns: 2319, Time: 00:13:19

Health: -1/63      AC: 16    Str: 20    XL:     9   Next: 26%
Magic:  0/9        EV:  6    Int:  9    God:    Trog [***...]
Gold:   143        SH:  0    Dex: 13    Spells: 0 memorised, 8 levels left

rFire  . . .     SeeInvis .     s - +0 war axe
rCold  . . .     Clarity  .     G - +0 plate armour
rNeg   . . .     SustAt   .     (no shield)
rPois  .         Gourm    .     (helmet restricted)
rElec  .         Spirit   +     (no cloak)
rCorr  .         Warding  .     u - +0 pair of gloves
rMut   .         Stasis   .     o - +1 pair of boots {Fly}
MR     .....                    (no amulet)
Stlth  ..........               (no ring)
                                (no ring)

@: exhausted, flying, slowed, very slow, not resistant to hostile enchantments,
extremely unstealthy
A: horns 2, molten scales 1, powered by pain 1, magic shield
a: Berserk, Trog's Hand, Burn Spellbooks, Renounce Religion, Stop Flying


You were on level 10 of the Dungeon.
You worshipped Trog.
Trog was most pleased with you.
You were very hungry.

You visited 1 branch of the dungeon, and saw 10 of its levels.
You also visited: Ossuary.

You collected 143 gold pieces.

Inventory:

Hand Weapons
 a - a +0 hand axe
 s - a +0 war axe (weapon)
Missiles
 i - 48 poisoned needles
 J - a throwing net (quivered)
Armour
 b - a +0 animal skin
 e - a +0 chain mail
 l - a +0 pair of boots
 o - a +1 pair of boots of flying (worn)
 u - a +0 pair of gloves (worn)
 x - a +0 helmet
 D - the +2 helmet of the Volcano {*Corrode +Inv Str-5 Int+4}
   (You found it on level 10 of the Dungeon)

   It affects your strength (-5).
   It affects your intelligence (+4).
   It lets you turn invisible.
   It may corrode your equipment when you take damage.
 E - a +2 scale mail of cold resistance
 G - a +0 plate armour (worn)
Scrolls
 d - 2 scrolls of magic mapping
 f - a scroll of enchant weapon {unknown}
 g - 2 scrolls of immolation {unknown}
 j - a scroll of enchant armour {unknown}
 m - 7 scrolls of teleportation
 n - 2 scrolls of recharging {unknown}
 r - 2 scrolls of amnesia {unknown}
 y - 3 scrolls of remove curse
 A - 3 scrolls of identify
 K - 2 scrolls of vulnerability {unknown}
Potions
 k - a potion of poison
 q - a potion of flight
 t - a potion of haste {unknown}
 v - a potion of ambrosia {unknown}
 w - a potion of agility {unknown}
 z - a potion of lignification {unknown}
 B - 2 potions of berserk rage
 F - a potion of magic {unknown}
 I - a potion of invisibility {unknown}
Miscellaneous
 C - a legendary deck of escape
Comestibles
 c - 7 bread rations
 h - 3 meat rations
 p - a slice of pizza


   Skills:
 - Level 3.0 Fighting
 + Level 11.0 Axes
 + Level 4.3 Armour
 - Level 1.7 Dodging


You had 8 spell levels left.
You didn't know any spells.

Dungeon Overview and Level Annotations

Branches:
Dungeon (10/15)              Lair (0/8) D:10
 Temple: D:4-7          Orc: D:9-12

Altars:
Cheibriados
Gozag
Makhleb
Sif Muna
Trog
Jiyva

Annotations:
D:5 Prince Ribbit


Innate Abilities, Weirdness & Mutations

You have a pair of horns on your head.
You are partially covered in molten scales (AC +1).
You sometimes gain a little power by taking damage.
When hurt, damage is shared between your health and your magic reserves.


Message History

You hit the orc.
The orc is moderately wounded.
You hit the orc.
You kill the orc!
Trog accepts your kill. The orc warrior hits you with a glaive!
* * * LOW HITPOINT WARNING * * *
The orc hits you but does no damage.
An orc warrior comes into view. It is wielding a war axe.
The orc warrior shouts!
You hit the orc warrior. Your headbutt misses the orc warrior.
The orc warrior is almost dead.
You hit the worker ant.
The worker ant is lightly wounded.
You hit the orc.
The orc is severely wounded.
The worker ant barely misses you. The orc hits you but does no damage.
The worker ant bites you but does no damage.
The orc warrior hits you with a glaive.
You die...

... .. . o. ... ..
.#######... .......
.##..#.#.............# #
.....................
##. #....?.#............
#...##oao..#............
......)@)...............
........)...............
........................
........................
........................
....|...................
........................
.......##...............
.......#................


You could see 2 orc warriors, a worker ant and an orc.

Vanquished Creatures
  The ghost of spinks the Archer, an amateur CeHu (D:6)
  A two-headed ogre (D:9)
  A spriggan (D:7)
  A hippogriff (D:10)
  A water moccasin (D:9)
  A black bear (D:9)
  2 ogres
  2 orc warriors
  A water moccasin zombie (Ossuary)
  A giant frog (D:9)
  A wyvern skeleton (D:10)
  2 scorpions
  3 killer bees (D:10)
  2 crimson imps (D:5)
  A jelly (D:4)
  5 orc wizards
  A hound (D:6)
  2 iguanas
  A giant frog skeleton (D:6)
  5 worker ants
  7 big kobold zombies (Ossuary)
  2 mummies (Ossuary)
  A worker ant zombie (D:5)
  3 gnolls (D:5)
  4 adders
  3 oozes (D:4)
  A worm (D:3)
  10 adder zombies (Ossuary)
  3 giant geckos
  21 orcs
  A ball python (D:1)
  6 bats
  3 giant cockroaches
  4 goblins
  7 hobgoblins
  4 jackals
  2 quokkas
  A giant gecko skeleton (D:5)
  A giant newt (D:1)
  A gnoll zombie (Ossuary)
  2 hobgoblin zombies (Ossuary)
  4 kobolds
  4 kobold zombies (Ossuary)
  7 orc zombies (Ossuary)
  A quokka skeleton (D:4)
  5 rats
143 creatures vanquished.

Notes
Turn   | Place    | Note
--------------------------------------------------------------
     0 | D:1      | brucemayne the Demonspawn Berserker began the quest for the Orb.
     0 | D:1      | Reached XP level 1. HP: 18/18 MP: 1/1
    91 | D:1      | Gained mutation: You are partially covered in molten scales (AC +1). [demonic ancestry]
    91 | D:1      | Reached XP level 2. HP: 10/24 MP: 2/2
   281 | D:2      | Reached ** piety under Trog
   360 | D:3      | Gained mutation: You have a pair of small horns on your head. [demonic ancestry]
   360 | D:3      | Reached XP level 3. HP: 22/29 MP: 3/3
   361 | D:3      | Reached skill level 4 in Axes
   460 | D:3      | Reached XP level 4. HP: 22/35 MP: 4/4
   524 | D:4      | Found an opulent altar of Gozag.
   587 | D:4      | Reached skill level 5 in Axes
   629 | D:5      | Entered Level 5 of the Dungeon
   661 | D:5      | Reached XP level 5. HP: 41/41 MP: 5/5
   727 | D:5      | Noticed Prince Ribbit
   769 | D:4      | Found a viscous altar of Jiyva.
   779 | D:4      | Reached skill level 6 in Axes
   853 | D:3      | Reached *** piety under Trog
   943 | D:4      | Found a burning altar of Makhleb.
   949 | D:4      | Found a bloodstained altar of Trog.
   952 | D:4      | Found a deep blue altar of Sif Muna.
  1083 | D:5      | Found a sand-covered staircase.
  1092 | Ossuary  | Entered an ossuary
  1114 | Ossuary  | Gained mutation: When hurt, damage is shared between your health and your magic reserves. [demonic ancestry]
  1114 | Ossuary  | Reached XP level 6. HP: 43/47 MP: 6/6
  1261 | Ossuary  | Reached skill level 7 in Axes
  1348 | Ossuary  | Reached XP level 7. HP: 49/52 MP: 2/7
  1588 | D:6      | Reached skill level 8 in Axes
  1607 | D:6      | Noticed spinks's ghost (amateur CeHu)
  1625 | D:6      | Killed spinks's ghost
  1627 | D:6      | Reached skill level 9 in Axes
  1627 | D:6      | Gained mutation: You have a pair of horns on your head. [demonic ancestry]
  1627 | D:6      | Reached XP level 8. HP: 58/58 MP: 8/8
  1744 | D:7      | Found a snail-covered altar of Cheibriados.
  1890 | D:7      | Reached skill level 10 in Axes
  2131 | D:9      | Noticed a two-headed ogre
  2137 | D:9      | Killed a two-headed ogre
  2137 | D:9      | Gained mutation: You sometimes gain a little power by taking damage. [demonic ancestry]
  2137 | D:9      | Reached XP level 9. HP: 51/63 MP: 6/9
  2152 | D:10     | Entered Level 10 of the Dungeon
  2155 | D:10     | Found a staircase to the Lair.
  2174 | D:10     | HP: 3/63 [killer bee (1)]
  2288 | D:10     | Got a smoking helmet
  2289 | D:10     | Identified the +2 helmet of the Volcano {*Corrode +Inv Str-5 Int+4} (You found it on level 10 of the Dungeon)
  2313 | D:10     | Reached skill level 11 in Axes
  2316 | D:10     | HP: 1/63 [orc warrior/glaive (15)]
  2319 | D:10     | Slain by an orc warrior

Vault maps used:
D:1:      minmay_arrival_loop, grunt_decor_mini_mirrors
D:2:      old_standard_altar
D:3:      first_bread, hangedman_feature_mirror, tgw_xom
D:4:      old_standard_altar, grunt_temple_overflow_diamond,
          minmay_temple_entry_butterflies, jiyva_altar_1
D:5:      enter_ossuary_1, uniq_prince_ribbit1
D:6:      minmay_flawed_box, lemuel_round_altar
D:7:      grunt_temple_overflow_holy_war, kennysheep_mini, kennysheep_mini_moat,
          kiku_gazebo_pond_becter, the_bakery, grunt_ministairs_6, uniq_menkaure
D:8:      nicolae_ru_great_annihilating_truth, gammafunk_temple_overflow_wave
D:9:      uniq_grum
D:10:     lair_0_dummy, david_orc_2
Ossuary:  ossuary_tomb_2

Action                   |  1- 3 |  4- 6 |  7- 9 || total
-------------------------+-------+-------+-------++-------
Melee: Hand axe          |    88 |   250 |    25 ||   363
       War axe           |       |       |   175 ||   175
Invok: Berserk           |     2 |     6 |     7 ||    15
       Trog's Hand       |       |     1 |    11 ||    12
  Use: Potion            |       |       |     9 ||     9
       Scroll            |       |       |     5 ||     5
  Eat: Chunk             |     1 |     6 |     4 ||    11
       Fruit             |       |     3 |       ||     3
       Bread ration      |       |       |     2 ||     2
